 Dungeon Crawl Stone Soup version 0.31-a0-810-ga77100ea1a (webtiles) character file.

Game seed: 4656944138361530466

29 javelincjr the Changeling (level 3, -5/18 HPs)
             Began as a Spriggan Shapeshifter on Sept 21, 2023.
             Killed from afar by Natasha (9 damage)
             ... with a magic dart
             ... on level 2 of the Dungeon.
             The game lasted 00:02:43 (644 turns).

javelincjr the Changeling (Spriggan Shapeshifter)    Turns: 644, Time: 00:02:44

Health: -5/18      AC:  2    Str: 10    XL:     3   Next: 1%
Magic:  4/4        EV: 18    Int: 11    God:
Gold:   53         SH:  0    Dex: 16    Spells: 2/2 levels left

rFire   . .          .
                       - Unarmed
rCold   . . .        (no shield)
rNeg    . . .        a - +0 animal skin
rPois   .            (helmet currently unavailable)
rElec   .            (cloak currently unavailable)
rCorr   .            (gloves unavailable)
SInv    +            (boots unavailable)
Will    .....        (no amulet)
Stlth   +            (no ring)
HPRegen 0.23/turn    (no ring)
MPRegen 0.09/turn

%: no passive effects
@: beast-form, very quick
A: beast (slay +2), very small, no large weapons, unfitting armour, see
invisible, speed 3
a: Begin Untransformation


You were on level 2 of the Dungeon.
You were a hulking beast.
You visited 1 branch of the dungeon, and saw 2 of its levels.

You collected 53 gold pieces.

Inventory:

Armour
 a - a +0 animal skin (worn)
Talismans
 c - a beast talisman (active)
 d - a flux talisman
Scrolls
 e - 2 scrolls of teleportation {unknown}
 g - a scroll of identify {unknown}
Potions
 b - a potion of lignification
 f - a potion of ambrosia {unknown}
 h - a potion of degeneration {unknown}
 i - a potion of heal wounds {unknown}


   Skills:
 + Level 1.2 Fighting
 + Level 3.2 Dodging
 + Level 2.6 Unarmed Combat
 * Level 4.6 Shapeshifting


You had 2 spell levels left.
You didn't know any spells.
Your spell library was empty.

Dungeon Overview and Level Annotations

Branches:
Dungeon (2/15)

Altars:

Annotations:
D:2 Natasha


Innate Abilities, Weirdness & Mutations

You are a hulking beast.
Your limbs bulge with bestial killing power. (Slay +2)
You are very small and have problems with some larger weapons.
You are too small for most types of armour.
You have supernaturally acute eyesight. (SInv)
You cover ground extremely quickly. (Speed+++)


Message History

Natasha is lightly wounded.
Natasha misses you.
You barely miss Natasha.
Natasha is lightly wounded.
Natasha closely misses you.
You hit Natasha.
Natasha is moderately wounded.
You barely miss Natasha.
Natasha is moderately wounded.
Natasha misses you.
You hit Natasha. You punch Natasha.
Natasha is severely wounded.
Natasha closely misses you.
You hit Natasha but do no damage.
Natasha is severely wounded.
Natasha hisses.
Natasha casts a spell.
You closely miss Natasha.
Natasha is severely wounded.
Natasha closely misses you. The cerulean imp misses you.
You hit Natasha.
Natasha is severely wounded.
Natasha claws you.
The cerulean imp hits you with a +0 spear.
You barely miss Natasha.
Natasha is severely wounded.
Natasha closely misses you.
The cerulean imp hits you with a +0 spear.
* * * LOW HITPOINT WARNING * * *
You hit Natasha.
Natasha is almost dead.
Natasha misses you.
You miss Natasha.
Natasha is almost dead.
The cerulean imp misses you.
Natasha stares at you and mumbles some strange words.
The magic dart hits you!
Ouch! That really hurt!
You die...
Natasha begins licking her fur clean.

#.. #.....# #..
##.....# #..
##......# ###
)......#
#......# +.....
#.h.# #.h.#
####+#5$.#
#...$...##
#.......#
#.......#
####.#..####
###.......#
........)..#
#####.###..####


You could see Natasha and a cerulean imp (summoned).

Vanquished Creatures
  2 dart slugs (D:1)
  4 bats (D:1)
  3 giant cockroaches
  4 goblins
  A quokka (D:1)
  A ball python (D:1)
  2 frilled lizards (D:1)
  4 kobolds
  3 rats (D:1)
24 creatures vanquished.

Notes
Turn   | Place    | Note
-------+----------+-------------------------------------------
     0 | D:1      | javelincjr the Spriggan Shapeshifter began the quest for
                  | the Orb.
     0 | D:1      | Reached XP level 1. HP: 9/9 MP: 2/2
    58 | D:1      | Reached skill level 1 in Fighting
    87 | D:1      | Reached XP level 2. HP: 14/14 MP: 3/3
   278 | D:1      | Found a faded altar of an unknown god.
   536 | D:2      | Reached XP level 3. HP: 18/18 MP: 4/4
   628 | D:2      | Noticed Natasha
   644 | D:2      | Killed from afar by Natasha

Illustrated notes

Levels and vault maps discovered:
D:1:      minmay_arrival_four_circles, layout_rooms,
          shapermc_ecumenical_altar_gd, chequers_jeans
D:2:      layout_basic, hangedman_decor_points, uniq_natasha

Skill      XL: |  1  2 |
---------------+-------+-----
Fighting       | 1 |  1.2
Dodging        | 3 |  3.2
Unarmed Combat | |  2.6
Shapeshifting  | |  4.6

Action                     || total
---------------------------++-------
  Melee: Unarmed           ||    62
         Punch             ||     2
 Armour: Animal skin       ||    13
  Dodge: Dodged            ||    52

Table legend: (Time is in decaauts)
 A = Elapsed time spent in this place.
 B = Non-inter-level travel time spent in this place.
 C = Inter-level travel time spent in this place.
 D = Time resting spent in this place.
 E = Time spent auto-exploring this place.
 F = Levels seen in this place.
 G = Mean time per level.
                   A        B        C        D        E       F      G
               +--------+--------+--------+--------+--------+-----+--------+
         Total |    416 |    358 |     58 |      0 |    234 |   2 |  208.0 |
       Dungeon |    416 |    358 |     58 |      0 |    234 |   2 |  208.0 |
               +--------+--------+--------+--------+--------+-----+--------+

Top non-repeatable levels by time:
     D:1: 337 daAuts
     D:2: 79 daAuts
